 Dungeon Crawl Stone Soup version 0.14.0-20-g75a2fc2 (webtiles) character file.

188 HungrySpirit the Magician (level 4, -2/24 HPs)
             Began as a Deep Elf Fire Elementalist on Apr 21, 2014.
             Was an Initiate of Vehumet.
             Slain by HungrySpirit's ghost (5 damage)
             ... on Level 3 of the Dungeon.
             The game lasted 00:05:56 (2537 turns).

HungrySpirit the Magician (DEFE)                    Turns: 2537, Time: 00:05:57

HP  -2/24        AC  3     Str 10      XL: 4   Next: 98%
MP   1/17        EV 13     Int 21      God: Vehumet [......]
Gold 52          SH  0     Dex 15      Spells:  3 memorised,  6 levels left

rFire  . . .     SeeInvis .     d - +0 dagger
rCold  . . .     Clarity  .     a - +0 robe
rNeg   . . .     Conserve .     (no shield)
rPois  .         rCorr    .     (no helmet)
rElec  .         rRot     .     o - +0 cloak
SustAb . .       Spirit   .     (no gloves)
rMut   .         Warding  .     (no boots)
Saprov . . .     Stasis   .     (no amulet)
MR     .....                    (no ring)
                                (no ring)

@: invisible, mighty, very slightly contaminated, hasted, very quick, not
resistant to hostile enchantments, fairly stealthy
A: no striking features
a: Renounce Religion


You were on level 3 of the Dungeon.
You worshipped Vehumet.
Vehumet was noncommittal.
You were not hungry.

You visited 1 branch of the dungeon, and saw 3 of its levels.

You collected 52 gold pieces.

Inventory:

Hand weapons
 d - a +0,+0 dagger (weapon)
Armour
 a - a +0 robe (worn)
 o - a +0 cloak (worn)
Magical devices
 j - a wand of fireball (2)
Comestibles
 c - a bread ration
 m - a chunk of giant newt flesh
Scrolls
 g - a scroll of fear {unknown}
 h - a scroll of teleportation {unknown}
 k - a scroll of random uselessness {unknown}
 l - a scroll of fog {unknown}
 n - a scroll of identify {unknown}
 p - a scroll of noise {unknown}
Books
 b - a book of Flames

   Spells                             Type                      Level
   *Flame Tongue                      Conjuration/Fire             1
   Throw Flame                        Conjuration/Fire             2
   *Conjure Flame                     Conjuration/Fire             3
   Inner Flame                        Hexes/Fire                   3
   *Sticky Flame                      Conjuration/Fire             4
   Fireball                           Conjuration/Fire             5


   Skills:
 - Level 2.4 Dodging
 - Level 2.4 Stealth
 - Level 5.5 Spellcasting
 * Level 2.9 Conjurations
 + Level 3.8 Fire Magic


You had 6 spell levels left.
You knew the following spells:

 Your Spells              Type           Power        Failure   Level  Hunger
a - Flame Tongue          Conj/Fire      ###..        2%          1    None
b - Conjure Flame         Conj/Fire      ###.....     10%         3    ##.....
c - Sticky Flame          Conj/Fire      ###.....     28%         4    ####...


Dungeon Overview and Level Annotations

Branches:
Dungeon (3/15)

Altars:
Makhleb
Trog
Vehumet
The Shining One

Annotations:
D:3 HungrySpirit's ghost, average DEFE


Message History

HungrySpirit's ghost is severely damaged.
HungrySpirit's ghost hits you!
* * * LOW HITPOINT WARNING * * *
Casting: Sticky Flame
Confirm with . or Enter, or press ? or * to list all spells.
You don't have enough magic to cast that spell.
Casting: Sticky Flame
Confirm with . or Enter, or press ? or * to list all spells.
Okay, then.
Read which item? (? for menu, Esc to quit)
Okay, then.
Casting: Sticky Flame
Confirm with . or Enter, or press ? or * to list all spells.
Aiming: Flame Tongue
Press: ? - help, Shift-Dir - straight line, f/p - HungrySpirit's ghost
Aim: HungrySpirit's ghost (severely damaged)
The flame tongue hits HungrySpirit's ghost.
HungrySpirit's ghost is almost destroyed.
HungrySpirit's ghost hits you.
You die...

.p%<..#
#.p...........##.....#
.######
#.........###...##.#
#....p....##.....###
#####ยง#####..._)..#
#....# #.......#
#.#### #^#####'#
##'###### #######.#
#..p....# #..%..##
#...@...# #######
#..[....# #.......#
#.......# #.......#
+.......+ #.......#
####+####


You could see HungrySpirit's ghost.

Vanquished Creatures
  Crazy Yiuf (D:2)
  A worker ant (D:3)
  4 adders
  An inept feature mimic (D:2)
  2 giant geckos
  An orc (D:3)
  8 goblins
  4 hobgoblins (D:1)
  2 jackals (D:2)
  A kobold (D:2)
  A quokka (D:3)
  5 bats
  A giant cockroach (D:2)
  5 giant newts
  4 rats
41 creatures vanquished.

Notes
Turn   | Place    | Note
--------------------------------------------------------------
     0 | D:1      | HungrySpirit, the Deep Elf Fire Elementalist, began the quest for the Orb.
     0 | D:1      | Reached XP level 1. HP: 10/10 MP: 5/5
   423 | D:1      | Reached XP level 2. HP: 15/15 MP: 6/8
   428 | D:1      | Reached skill level 4 in Spellcasting
  1096 | D:2      | Reached XP level 3. HP: 19/19 MP: 9/13
  1200 | D:2      | Found a glowing golden altar of the Shining One.
  1207 | D:2      | Reached skill level 5 in Spellcasting
  1227 | D:2      | Found a radiant altar of Vehumet.
  1342 | D:2      | Became a worshipper of Vehumet
  1466 | D:2      | Found a burning altar of Makhleb.
  1597 | D:2      | Learned a level 3 spell: Conjure Flame
  1838 | D:2      | Noticed Crazy Yiuf
  1844 | D:2      | Killed Crazy Yiuf
  1844 | D:2      | Reached XP level 4. HP: 24/24 MP: 9/17
  2085 | D:2      | Learned a level 4 spell: Sticky Flame
  2118 | D:3      | Noticed HungrySpirit's ghost (average DEFE)
  2479 | D:3      | Found a bloodstained altar of Trog.
  2537 | D:3      | Slain by HungrySpirit's ghost

Action                   |  1- 3 |  4- 6 || total
-------------------------+-------+-------++-------
 Cast: Flame Tongue      |    67 |    19 ||    86
       Conjure Flame     |     1 |     1 ||     2
       Sticky Flame      |       |     3 ||     3
Evoke: Wand              |     1 |     2 ||     3
  Use: Potion            |       |     5 ||     5
